[Event "Early-Titled-Tuesday-Blitz-January-30-2024"]
[Site "Chess.com"]
[Date "2024.01.30"]
[Round "4"]
[White "ansko1999"]
[Black "Happy1712Drummer"]
[Result "1-0"]
[WhiteElo "2694"]
[BlackElo "2426"]
[TimeControl "180+1"]
[EndTime "8:41:22 PST"]
[Termination "ansko1999 won on time"]

1. e3 e5 2. e4 Nf6 3. Nc3 Nc6 4. Nf3 d5 5. exd5 Nd4 6. Be2 Bd6 7. O-O O-O 8. d3 h6 9. Nxd4 exd4 10. Ne4 Nxd5 11. Nxd6 Qxd6 12. Bf3 c6 13. Re1 a5 14. Qe2 Bf5 15.
Bd2 Qd7 16. Qe5 Rfe8 17. Qxd4 Nb4 18. Qxd7 Bxd7 19. Bd1 Rxe1+ 20. Bxe1 Re8 21. Kf1 b6 22. a3 Nd5 23. Bd2 Bf5 24. Bf3 f6 25. Re1 Rxe1+ 26. Kxe1 Kf7 27. Bc1 Ke6 28. c4 Ne7 29. Kd2 Kd6 30. Kc3 g5 31. h3 c5 32.
Be3 Ng6 33. d4 Ne7 34. dxc5+ bxc5 35. b4 axb4+ 36. axb4 cxb4+ 37. Kxb4 Nc6+ 38. Kb5 Ne5 39. c5+ Kc7 40. Bd5 Bd3+ 41. Kb4 Nc6+ 42. Kc3 Bf5 43. Bd4 1-0

[Event "Early-Titled-Tuesday-Blitz-January-30-2024"]
[Site "Chess.com"]
[Date "2024.01.30"]
[Round "4"]
[White "Kingstar70"]
[Black "ricaurtelopezj1955"]
[Result "1-0"]
[WhiteElo "2332"]
[BlackElo "2108"]
[TimeControl "180+1"]
[EndTime "8:41:22 PST"]
[Termination "Kingstar70 won on time"]

1. e4 e5 2. Nf3 d5 3. exd5 e4 4. Ne5 Bd6 5. d4 Nd7 6. Nxd7 Bxd7 7. Nc3 Nf6 8. Be2 O-O 9. O-O h6 10. a3 a6 11. Be3 b5 12. f3 Qe7 13. fxe4 Nxe4 14. Bf4 Nxc3 15. bxc3 Bxf4 16. Rxf4 Qe3+ 17. Rf2 Qxc3 18. Rf3 Qa5 19. Rg3 Rae8 20. Bd3 f5 21. h3 Qc3 22. Kh1 Qxd4 23. a4 Re5 24. axb5 axb5 25. Rb1 Rxd5 26. Qh5 Qf6 27. Rg6 Be8 28. Rxf6 Bxh5 29. Rxf8+ Kxf8 30. Bxb5 Rd2 31. Bd3 Bf7 32. Rf1 g6 33. Kg1 Bd5 34. Rf2 Rd1+ 35. Kh2 Ke7 36. h4 Kf6 37. h5 Be6 38. hxg6 Kxg6 39. Kg3 Kg5 40. Kf3 h5 41. Ke2 Rc1 42. Kd2 Rg1 43. Kc3 h4 44. Kd4 f4 45. Ke5 Bg4 46.
Rxf4 Re1+ 47. Be4 h3 48. gxh3 Bxh3 49. Rf8 1-0

[Event "Early-Titled-Tuesday-Blitz-January-30-2024"]
[Site "Chess.com"]
[Date "2024.01.30"]
[Round "4"]
[White "toninhojit"]
[Black "Hongjin"]
[Result "0-1"]
[WhiteElo "2577"]
[BlackElo "2808"]
[TimeControl "180+1"]
[EndTime "8:41:23 PST"]
[Termination "Hongjin won by resignation"]

1. d4 Nf6 2. c4 e6 3. Nf3 d5 4.
Nc3 a6 5. c5 b6 6. cxb6 c5 7. dxc5 Bxc5 8. e3 Bxb6 9. Bd3 Nbd7 10.
O-O Bb7 11. b3 O-O 12. Bb2 e5 13. Bf5 e4 14. Ne1 Qe7 15. Na4 Ba7 16. Rc1 Ne5 17. Bxe5 Qxe5 18. Bh3 d4 19. exd4 Bxd4 20. Nc2 Ba7 21.
Ne3 Rad8 22. Qe2 Rd3 23. Nb2 Rd4 24. Nbc4 Qg5 25. Rfd1 Nh5 26. Qg4 Qxg4 27. Bxg4 Nf4 28.
Rxd4 Bxd4 29. Rd1 Nd3 30. Be2 Nf4 31. Bf1 Bc5 32. g3 Ne6 33. Nd6 Ba8 34. Bc4 Nd4 35. Ndf5 Nf3+ 36. Kg2 g6 37. Nd6 Kg7 38. Bxa6 f5 39. Bb7 Bxd6 40. Bxa8 Rxa8 41. Rxd6 Rxa2 42. b4 Ne1+ 43. Kf1 Nd3 44. Kg1 Nxf2 45. b5 Nd3 46. b6 Rb2 47. Rd7+ Kh6 48. b7 Nc5 49. Rc7 Nxb7 50.
Nc4 Rc2 51. Kf1 Na5 0-1

[Event "Early-Titled-Tuesday-Blitz-January-30-2024"]
[Site "Chess.com"]
[Date "2024.01.30"]
[Round "4"]
[White "spaski2004"]
[Black "OhanyanEminChess"]
[Result "1-0"]
[WhiteElo "2979"]
[BlackElo "2824"]
[TimeControl "180+1"]
[EndTime "8:41:24 PST"]
[Termination "spaski2004 won by resignation"]

1. Nf3 d5 2. e3 g6 3. c4 e6 4. b3 Bg7 5. Nc3 Ne7 6. h4 h5 7. Ba3 b6 8. cxd5 Nxd5 9. Qc2 c5 10.
Rd1 Nxc3 11. dxc3 Qc7 12. Bb5+ Bd7 13. Bxd7+ Nxd7 14. c4 Ne5 15. Ng5 O-O 16. Bb2 Rad8 17. Ke2 Ng4 18. Bxg7 Kxg7 19. Qc3+ Qe5 20. Qxe5+ Nxe5 21. Ne4 f5 22. Ng5 Kf6 23. Nh7+ Ke7 24. Nxf8 Rxf8 25.
Rd2 f4 26. exf4 Rxf4 27. Ke3 Rf8 28. f3 Nc6 29. Rhd1 Nd4 30. b4 Rc8 31. Ke4 Kf6 32.
g4 Nc6 33. g5+ Kf7 34. Rd7+ Ke8 35. b5 Nd4 36. Rxa7 Kf8 37. Rb7 Ra8 38. Rxb6 Rxa2 39. Rxd4 cxd4 40. Kxd4 Ke7 41. Rb7+ Kd8 42. Rg7 Rh2 43.
Rxg6 Rxh4+ 44. Kc5 Rf4 45. Rxe6 Rf5+ 46. Kc6 Rxg5 47.
b6 Rg1 48. b7 Rb1 49. Rh6 1-0

[Event "Early-Titled-Tuesday-Blitz-January-30-2024"]
[Site "Chess.com"]
[Date "2024.01.30"]
[Round "4"]
[White "Byniolus"]
[Black "Sebastian"]
[Result "0-1"]
[WhiteElo "2819"]
[BlackElo "2967"]
[TimeControl "180+1"]
[EndTime "8:41:26 PST"]
[Termination "Sebastian won by checkmate"]

1. d4 d5 2. Bf4 Nf6 3. e3 e6 4.
Nd2 c5 5. c3 Bd6 6. Bg3 O-O 7.
Ngf3 Qc7 8. Rc1 Nbd7 9. c4 b6 10.
Be2 Bb7 11. dxc5 bxc5 12. Qa4 Rfd8 13. O-O Bxg3 14. hxg3 d4 15. exd4 cxd4 16. c5 Rac8 17. Nb3 e5 18. Bc4 h6 19. Rfe1 Re8 20. Bb5 a6 21. Bxa6 Ra8 22. c6 Bxa6 23. cxd7 Qxd7 24. Qb4 Ng4 25. Nc5 Qd6 26. Nxa6 Qxa6 27. a3 Rab8 28. Qd2 Qb6 29. b4 d3 30. Rc4 Qg6 31. Nh4 Qe6 32. Qxd3 Rbd8 33. Qc2 Nf6 34. Nf5 e4 35.
Rc6 Qxf5 36. Rc5 Qe6 37. b5 Qd6 38. a4 e3 39. fxe3 Qxg3 40. Qf2 Qd6 41. Rc6 Qb4 42. Qg3 Ne4 43. Qh4 g5 44. Qxh6 Qxe1+ 45. Kh2 Qg3+ 46.
Kh1 Rd1# 0-1

[Event "Early-Titled-Tuesday-Blitz-January-30-2024"]
[Site "Chess.com"]
[Date "2024.01.30"]
[Round "4"]
[White "MathiasWomacka"]
[Black "kekic76"]
[Result "0-1"]
[WhiteElo "2525"]
[BlackElo "2356"]
[TimeControl "180+1"]
[EndTime "8:41:27 PST"]
[Termination "kekic76 won on time"]

1. e4 e6 2. d4 d5 3. Nd2 dxe4 4.
Nxe4 Bd7 5. Nf3 Bc6 6. Bd3 Nd7 7.
O-O Ngf6 8. Ned2 Be7 9. Nc4 b6 10. Nce5 Bb7 11. Bb5 O-O 12. Nc6 Qe8 13. Nxe7+ Qxe7 14. Bg5 h6 15. Bh4 Rfd8 16. Qe2 c5 17. dxc5 Nxc5 18. Ne5 Rd4 19. Bg3 Rad8 20. Rad1 Nce4 21. Rxd4 Rxd4 22. Qe3 Nxg3 23. Qxd4 Nxf1 24. Bxf1 Nd5 25.
c4 Nb4 26. a3 Nc6 27. Nxc6 Bxc6 28. b4 Qd7 29. Qxd7 Bxd7 30. f4 g5 31. g3 f5 32. Kf2 Kf7 33. Ke3 Kf6 34. Kd4 Bc6 35.
Bd3 Bg2 36. a4 Bc6 37. b5 Bg2 38. c5 bxc5+ 39. Kxc5 e5 40. fxe5+ Kxe5 41. a5 f4 42. gxf4+ gxf4 43. b6 axb6+ 44. axb6 Bd5 45. Bb5 f3 46.
Bc6 Bxc6 47. Kxc6 f2 48. b7 f1=Q 49. b8=Q+ Ke4 50. Qe8+ Kf3 51. Qh5+ Kg2 52. Qxh6 Qf3+ 53. Kd6 Qh3 0-1

[Event "Early-Titled-Tuesday-Blitz-January-30-2024"]
[Site "Chess.com"]
[Date "2024.01.30"]
[Round "4"]
[White "treadstone_71"]
[Black "topalovkramnik"]
[Result "0-1"]
[WhiteElo "2267"]
[BlackElo "2442"]
[TimeControl "180+1"]
[EndTime "8:41:28 PST"]
[Termination "topalovkramnik won by resignation"]

1. e4 c5 2. Nf3 d6 3. d4 cxd4 4.
Nxd4 Nf6 5. Nc3 a6 6. Bg5 e6 7. f4 Be7 8. Qf3 Qc7 9. O-O-O Nbd7 10. g4 b5 11. Bxf6 Nxf6 12. g5 Nd7 13. f5 O-O 14. Rg1 b4 15. f6 bxc3 16. fxe7 cxb2+ 17. Kb1 Re8 18. e5 Bb7 19. Qh3 Nxe5 20. g6 Nxg6 21. Bd3 Rxe7 22. Rde1 Rae8 23. Qg4 Bd5 24. h4 Qa5 25. Nb3 Bxb3 26. cxb3 h5 27. Qg3 Qc3 28. Bxg6 Qxg3 29. Rxg3 fxg6 30. Rxg6 Kh7 31. Rg5 g6 32. Kxb2 e5 33. Kc3 Rf7 34. Kd3 Rf3+ 35. Ke4 Rf4+ 36.
Kd5 Rd4+ 37. Kc6 Kh6 38. Rf1 Rxh4 39. Rgg1 Rd4 40. Rf6 Rg4 41. Rgf1 e4 42. Kd7 Re5 43. Kxd6 Rgg5 44. a4 Rd5+ 45. Ke6 Rge5+ 46. Kf7 Rd7+ 47. Kf8 e3 48. Rg1 Rf5 49. Rxf5 gxf5 50. Ke8 Rd4 0-1

[Event "Early-Titled-Tuesday-Blitz-January-30-2024"]
[Site "Chess.com"]
[Date "2024.01.30"]
[Round "4"]
[White "Vlad_Lukiianchuk"]
[Black "LevonAronian"]
[Result "0-1"]
[WhiteElo "2634"]
[BlackElo "3094"]
[TimeControl "180+1"]
[EndTime "8:41:29 PST"]
[Termination "LevonAronian won by resignation"]

1. d4 Nf6 2. Nf3 g6 3. Bf4 Bg7 4. e3 O-O 5. Be2 d6 6. O-O Nh5 7. Bg5 h6 8. Bh4 g5 9. Bg3 c5 10. c3 Nd7 11. Na3 Ndf6 12. Nd2 Nxg3 13. hxg3 a6 14. b4 b5 15. Bf3 Rb8 16. bxc5 dxc5 17. Nb3 c4 18. Nc5 Qa5 19. Nb1 Rd8 20. Qc2 Nd5 21.
Bxd5 Rxd5 22. e4 Rxc5 23. dxc5 Qc7 24. Nd2 Qxc5 25. Rad1 Bg4 26. Nf3 Qa3 27. e5 Bxf3 28. gxf3 Bxe5 29. Rc1 Kg7 30. Rfe1 Bf6 31. Kg2 Rc8 32.
Re3 a5 33. f4 Qc5 34. Rd1 b4 35. cxb4 axb4 36. fxg5 Bxg5 37. Re4 Qc6 38. f3 Qa6 39. Rdd4 c3 40. Rxb4 Bf6 41. Re2 Rd8 42. Rbe4 Rb8 43. R4e3 Rb2 44. Qe4 Qxa2 45. g4 c2 46. Re1 c1=Q+ 0-1

[Event "Early-Titled-Tuesday-Blitz-January-30-2024"]
[Site "Chess.com"]
[Date "2024.01.30"]
[Round "4"]
[White "CristianS27"]
[Black "GothamChess"]
[Result "0-1"]
[WhiteElo "2553"]
[BlackElo "2752"]
[TimeControl "180+1"]
[EndTime "8:41:29 PST"]
[Termination "GothamChess won by checkmate"]

1. e4 e6 2. d4 d5 3. Nd2 dxe4 4. Nxe4 Nf6 5. Nxf6+ gxf6 6. Nf3 Nc6 7. g3 e5 8.
Be3 Bg4 9. d5 Ne7 10. h3 Bxf3 11.
Qxf3 Qxd5 12. Bg2 c6 13. Qxf6 Qxg2 14. O-O-O Rg8 15. Qd6 f6 16. Qxf6 Qe4 17. Rhe1 Rg6 18. Qh8 Qf5 19. Qxh7 Rd8 20. Rxd8+ Kxd8 21. Bxa7 Kc7 22.
Be3 Re6 23. Qh4 Nd5 24. Rd1 Be7 25. Qa4 Nxe3 26. Qa5+ Kc8 27. Qa8+ Kc7 28. Qa5+ Kb8 29. fxe3 Qf8 30. Rd7 Qc8 31. Rd3 Bg5 32. Rb3 Rf6 33. Qxe5+ Qc7 34. Qxg5 Rf1+ 35. Kd2 Rf2+ 36. Ke1 Qf7 37. Qg4 Rf1+ 38. Kd2 Qf2+ 39. Kc3 Qxe3+ 40. Kb4 Qb6+ 41. Kc4 Qa6+ 42. Kc3 Qa5+ 43. Qb4 Qe5+ 44. Qd4 Rf3+ 45. Kc4 b5+ 46. Rxb5+ Qxb5# 0-1

[Event "Early-Titled-Tuesday-Blitz-January-30-2024"]
[Site "Chess.com"]
[Date "2024.01.30"]
[Round "4"]
[White "GKARU"]
[Black "Orujov2008"]
[Result "0-1"]
[WhiteElo "2516"]
[BlackElo "2725"]
[TimeControl "180+1"]
[EndTime "8:41:29 PST"]
[Termination "Orujov2008 won on time"]

1. d4 d5 2. Nf3 Nf6 3. c4 c6 4. Qc2 e6 5. Bg5 dxc4 6. Qxc4 Nbd7 7. Nbd2 c5 8. e3 Be7 9. Nb3 b6 10. Be2 O-O 11. O-O Bb7 12. dxc5 Nxc5 13. Nxc5 bxc5 14.
Rfd1 Qb6 15. b3 a5 16. Ne5 Qc7 17. Nd7 Rfd8 18. Nxf6+ Bxf6 19. Bxf6 gxf6 20. Qg4+ Kf8 21. Qh4 Ke7 22. Rac1 Rg8 23. g3 Qc6 24. f3 a4 25. Qc4 axb3 26. axb3 Ba6 27. Qc2 Bxe2 28. Qxe2 Ra3 29. Rc3 Rga8 30. Rdc1 Ra2 31. R3c2 Ra1 32. Kg2 Rxc1 33. Rxc1 Ra3 34. b4 Qa4 35. Kh3 cxb4 36. Rc7+ Kf8 37. Qd2 Kg7 38. Qd4 b3 39. Qd6 Qa5 40.
g4 b2 41. Qxe6 Qxc7 0-1

[Event "Early-Titled-Tuesday-Blitz-January-30-2024"]
[Site "Chess.com"]
[Date "2024.01.30"]
[Round "4"]
[White "IwkooO"]
[Black "jamengrand"]
[Result "1-0"]
[WhiteElo "2648"]
[BlackElo "2257"]
[TimeControl "180+1"]
[EndTime "8:41:29 PST"]
[Termination "IwkooO won by resignation"]

1. e4 e5 2. Nf3 Nc6 3. Bb5 a6 4.
Ba4 Nf6 5. O-O Be7 6. d3 b5 7.
Bb3 d6 8. a3 O-O 9. Nc3 Be6 10.
Nd5 Bxd5 11. exd5 Na5 12. Ba2 Nb7 13. Re1 Re8 14. d4 e4 15. Nd2 Bf8 16. Nf1 Qd7 17. Bg5 Qf5 18. Bxf6 Qxf6 19. Ng3 Qg6 20. Qh5 Qxh5 21.
Nxh5 f5 22. h4 Nd8 23. Nf4 Kf7 24. Re2 g6 25. g3 Bh6 26. Ne6 Nxe6 27. dxe6+ Ke7 28.
Bd5 Rab8 29. Bc6 Rf8 30. d5 a5 31. b4 Bg7 32. Rb1 a4 33. Kg2 Bd4 34. f3 exf3+ 35.
Kxf3 Rf6 36. Rd1 Ba7 37. c4 bxc4 38. Rc1 h5 39. Rxc4 Rbf8 40. Bxa4 f4 41. Rxf4 Rxf4+ 42. gxf4 Rf5 43. Rd2 Bg1 44. Bc2 Rf8 45. Bxg6 Ra8 46. Rd3 Kf6 47. Bxh5 Rh8 48. Kg4 Rg8+ 49. Kh3 Rh8 50. Bg4 Bf2 51. h5 Bb6 52. a4 Ra8 53. a5 Bf2 54. Rc3 Be1 55. Rxc7 1-0

[Event "Early-Titled-Tuesday-Blitz-January-30-2024"]
[Site "Chess.com"]
[Date "2024.01.30"]
[Round "4"]
[White "gm_rashid"]
[Black "secrethawk1"]
[Result "1-0"]
[WhiteElo "2538"]
[BlackElo "2457"]
[TimeControl "180+1"]
[EndTime "8:41:29 PST"]
[Termination "gm_rashid won by resignation"]

1. e4 c6 2. d4 d5 3. exd5 cxd5 4. Bd3 Nc6 5. c3 Nf6 6. Bf4 Bg4 7. Qb3 Qd7 8. Nd2 e6 9. Ngf3 Bd6 10. Bxd6 Qxd6 11. O-O O-O 12. Rae1 a6 13. Ne5 Bh5 14. f4 b5 15. a3 Rfb8 16. Qc2 a5 17. f5 exf5 18. Rxf5 Bg6 19. Nxg6 hxg6 20. Rff1 b4 21. axb4 axb4 22. Nf3 bxc3 23. bxc3 Rc8 24. Qd2 Na5 25. Ng5 Nb3 26. Qb2 Rab8 27. Qf2 Rxc3 28. Qh4 Nh5 29. Nxf7 Qb6 30.
Bxg6 Qxg6 31. Re5 Rc1 32. Rxc1 Nxc1 33. Rxh5 Ne2+ 34. Kf2 Qxf7+ 35. Kxe2 Rb2+ 36. Ke3 Qe6+ 37. Re5 Qg6 38. Qd8+ Kh7 39. Qh4+ Kg8 40. Qh5 Rb3+ 41. Kf4 Qf6+ 42. Kg4 g6 43. Qg5 Kg7 44. Re7+ Qf7 45. Rxf7+ Kxf7 46. Qxd5+ 1-0

[Event "Early-Titled-Tuesday-Blitz-January-30-2024"]
[Site "Chess.com"]
[Date "2024.01.30"]
[Round "4"]
[White "ferrufino64"]
[Black "emeli_chess"]
[Result "1-0"]
[WhiteElo "2253"]
[BlackElo "2475"]
[TimeControl "180+1"]
[EndTime "8:41:29 PST"]
[Termination "ferrufino64 won by resignation"]

1. d4 Nf6 2. Nf3 d5 3. e3 c5 4. c3 Nc6 5. Nbd2 cxd4 6. exd4 Bg4 7. Qb3 Qc8 8. h3 Bxf3 9. Nxf3 e6 10. Bd3 Be7 11. O-O O-O 12. Bf4 h6 13. Rae1 a6 14. Ne5 Bd6 15. Qd1 Bxe5 16. Bxe5 Nxe5 17. Rxe5 Qc6 18.
Qe2 Rae8 19. f4 Nd7 20. Re3 f6 21. Re1 Qd6 22. Rxe6 Rxe6 23. Qxe6+ Qxe6 24. Rxe6 Kf7 25. f5 Re8 26. Rxe8 Kxe8 27. Kf2 Ke7 28. Ke3 Kd6 29. Kf4 Nb6 30. b3 Nc8 31. c4 a5 32. Be2 b6 33. Bf3 dxc4 34. bxc4 Na7 35. Bb7 Kc7 36. Bd5 Kd6 37. Be6 Nc6 38. Ke4 Nb4 39.
h4 Kc7 40. a3 Nc2 41. a4 Kd6 42. g4 g5 43. hxg5 hxg5 44. Bf7 Ne1 45. Ke3 Nc2+ 46. Kd3 Ne1+ 47. Kc3 Ng2 48. Bd5 Ne3 49. Bf3 Nf1 50.
Kd3 Nh2 51. Be2 Kc6 52. Ke3 1-0

[Event "Early-Titled-Tuesday-Blitz-January-30-2024"]
[Site "Chess.com"]
[Date "2024.01.30"]
[Round "4"]
[White "KarstenHansch"]
[Black "alvarorodriguezavila"]
[Result "1-0"]
[WhiteElo "2546"]
[BlackElo "2354"]
[TimeControl "180+1"]
[EndTime "8:41:30 PST"]
[Termination "KarstenHansch won on time"]

1. e4 c5 2. Nf3 g6 3. Bc4 Bg7 4. O-O e6 5. c3 Ne7 6. Bb3 d5 7. d3 Nbc6 8. Bg5 O-O 9. Nbd2 Qc7 10.
Qe2 b6 11. Rfe1 Ba6 12. a4 Rfe8 13. Rad1 d4 14. c4 e5 15. Nb1 Bc8 16. Na3 Bg4 17. h3 Be6 18. Rf1 Qd7 19. Nd2 h6 20. Bh4 g5 21. Bg3 Ng6 22. Kh2 Nf4 23. Bxf4 exf4 24.
Nf3 Ne5 25. Nxe5 Bxe5 26. f3 h5 27. Kg1 g4 28. hxg4 hxg4 29. Kf2 gxf3 30. gxf3 Kf8 31. Ke1 Ke7 32. Kd2 Rg8 33. Nc2 Rg3 34. Ne1 Rag8 35.
Rf2 Bf6 36. Rh2 Rg1 37. Ng2 Rxd1+ 38. Bxd1 Be5 39. Qf2 Kd6 40. Qh4 Qe7 41. Qxe7+ Kxe7 42. Be2 Kd6 43. Bf1 Rg3 44. Ke2 Bh3 45. Kf2 f6 46. Ne1 Bxf1 47. Kxf1 a6 48. Kf2 Kc6 49. Ng2 b5 50.
axb5+ axb5 51. b3 bxc4 52. bxc4 Kb6 53. Rh4 Ka5 54. Nxf4 Bxf4 55. Rxf4 Rg6 56. Rg4 Rh6 57. f4 Kb4 58. e5 fxe5 59. fxe5 Re6 60. Re4 Kc3 61.
Ke2 Rg6 62. e6 Rg2+ 63. Kf3 Rg8 64. Re5 Kxd3 65. Rxc5 Re8 66. Rc6 Kd2 67. Ke4 d3 68.
Ke5 Ke3 69. Rd6 d2 70. c5 Rxe6+ 71. Kxe6 1-0

[Event "Early-Titled-Tuesday-Blitz-January-30-2024"]
[Site "Chess.com"]
[Date "2024.01.30"]
[Round "4"]
[White "atwalcb"]
[Black "Louis-Paulsen-Fan"]
[Result "1-0"]
[WhiteElo "2501"]
[BlackElo "2256"]
[TimeControl "180+1"]
[EndTime "8:41:30 PST"]
[Termination "atwalcb won by resignation"]

1. d4 d5 2. Nc3 Bf5 3. f3 Nf6 4.
Bg5 c6 5. Bxf6 exf6 6. e4 dxe4 7. fxe4 Bg6 8. Nf3 Bb4 9. Bd3 O-O 10. O-O Bh5 11.
Ne2 Bd6 12. c3 Nd7 13. Qc2 Bg6 14. Nh4 c5 15. Nxg6 hxg6 16. Rad1 Qc7 17. g3 cxd4 18. cxd4 Rac8 19. Qb3 Qb6 20. Qxb6 Nxb6 21. Rc1 Na4 22. b3 Nb6 23. Rxc8 Rxc8 24. Rc1 Rxc1+ 25. Nxc1 Bb4 26. Kf2 Kf8 27. Ke3 Ke7 28. Bc4 Nc8 29. Nd3 Ba5 30. Nc5 b6 31. Nd3 Bc3 32. Nf4 Bb2 33. Nd5+ Kd6 34.
Nb4 Ke7 35. Nc6+ Kd7 36. Nb8+ Ke7 37. Kd3 Ba3 38. b4 a5 39. bxa5 bxa5 40. Nc6+ Ke8 41.
Nxa5 Nd6 42. Bd5 f5 43. e5 Nc8 44. Nc4 Bc1 45. Bb7 Na7 46. Bd5 Ke7 47. a4 f6 48. a5 fxe5 49. Nxe5 g5 50. a6 f4 51.
Nc6+ Nxc6 52. Bxc6 1-0

[Event "Early-Titled-Tuesday-Blitz-January-30-2024"]
[Site "Chess.com"]
[Date "2024.01.30"]
[Round "4"]
[White "baki83"]
[Black "JoachimBN"]
[Result "0-1"]
[WhiteElo "2806"]
[BlackElo "2601"]
[TimeControl "180+1"]
[EndTime "8:41:31 PST"]
[Termination "JoachimBN won by resignation"]

1. e4 c5 2. Nf3 g6 3. d4 cxd4 4. Qxd4 Nf6 5. Nc3 Nc6 6. Qa4 d6 7. e5 dxe5 8. Nxe5 Bg7 9. Bb5 O-O 10. Nxc6 bxc6 11. Bxc6 Rb8 12. O-O Qc7 13. Bf3 Bd7 14. Qh4 Rfc8 15. Re1 Qa5 16. Rxe7 Rxc3 17. bxc3 Qxc3 18. Qf4 Re8 19. Rxe8+ Bxe8 20. Bb2 Qxb2 21. Re1 Qxc2 22. Qb8 Qa4 23. g3 h5 24. Re7 a5 25.
Qb3 Qb4 26. Rb7 Qe1+ 27. Kg2 Qe5 28. Rb8 Kh7 29. Ra8 g5 30. Qd3+ Kh6 31. Qe3 Qxe3 32.
fxe3 g4 33. Bb7 a4 34. Ra5 Bd7 35. Kf2 Kg6 36. Ke2 Bf8 37. Kd3 a3 38. Be4+ Nxe4 39.
Kxe4 Be6 40. Ra6 Kg7 41. Ke5 Bxa2 42. e4 Be6 43. Kf4 a2 44. Kg5 Bc5 45. e5 Bd4 0-1

[Event "Early-Titled-Tuesday-Blitz-January-30-2024"]
[Site "Chess.com"]
[Date "2024.01.30"]
[Round "4"]
[White "Harry_Rakkel"]
[Black "bilosuvenosu06"]
[Result "0-1"]
[WhiteElo "2708"]
[BlackElo "2538"]
[TimeControl "180+1"]
[EndTime "8:41:32 PST"]
[Termination "bilosuvenosu06 won on time"]

1. e4 c5 2. Nf3 e6 3. d4 cxd4 4. Nxd4 a6 5. c4 Nc6 6. Be3 Nf6 7. Nc3 d6 8. Be2 Bd7 9. O-O Be7 10. f3 Rc8 11.
Qd2 O-O 12. Rac1 Nxd4 13. Bxd4 Bc6 14. Rfd1 h6 15. Bf1 Nd7 16. Kh1 Ne5 17. Qf2 Qc7 18. a4 Qb8 19. b4 Rfd8 20. Ba7 Qa8 21. Bb6 Rf8 22. b5 Bd7 23. c5 Bd8 24. Bxd8 Rfxd8 25. Rxd6 axb5 26. f4 Nc4 27. Bxc4 bxc4 28. Qd4 Bc6 29.
f5 Rxd6 30. cxd6 exf5 31. exf5 b5 32. axb5 Bxg2+ 33. Kg1 Bh3 34. Qd5 Qa3 35. Qd2 Qc5+ 36. Kh1 Rd8 37. d7 Qxf5 38. Re1 Qf3+ 39. Kg1 Qg4+ 40.
Kh1 Qxd7 41. Qxd7 Rxd7 42. Kg1 Be6 43. Kf2 Rd3 44. Rc1 Rd2+ 45. Ke3 Rb2 46. Rb1 Rxb1 47. Nxb1 Kf8 48. Kd4 Ke8 49. Nc3 Kd7 50. Kc5 Kc7 51. b6+ Kb7 52. Nb5 f5 53. Nd6+ Kb8 0-1

[Event "Early-Titled-Tuesday-Blitz-January-30-2024"]
[Site "Chess.com"]
[Date "2024.01.30"]
[Round "4"]
[White "DefiantChair"]
[Black "Akylbek2021"]
[Result "1-0"]
[WhiteElo "2594"]
[BlackElo "2283"]
[TimeControl "180+1"]
[EndTime "8:41:32 PST"]
[Termination "DefiantChair won on time"]

1. e4 e5 2. Nf3 Nc6 3. Bb5 a6 4. Ba4 Nf6 5. O-O Be7 6. Re1 b5 7. Bb3 O-O 8. c3 d5 9. exd5 Nxd5 10. Nxe5 Nxe5 11. Rxe5 Nf6 12. d3 Bd6 13. Re1 Ng4 14.
h3 Qh4 15. Qf3 Nxf2 16. Re2 Nxh3+ 17. gxh3 Bxh3 18. Re4 Qg3+ 19. Qxg3 Bxg3 20. Re3 Bf4 21. Re1 Bg3 22. Re4 Rae8 23. Be3 Bf5 24. Rxe8 Rxe8 25.
Bf2 Bxf2+ 26. Kxf2 Bxd3 27. Bd1 f5 28. Nd2 g5 29. a4 g4 30. axb5 axb5 31. Ra7 Re7 32.
Nb3 h5 33. Nc5 Bc4 34. b3 Bd5 35. Nd3 h4 36. Nf4 Be4 37. Ng6 Rd7 38. Be2 h3 39. Kg3 h2 40. Kxh2 Rd2 41. Nf4 Bd3 42. Rxc7 Bxe2 43. Kg3 Rc2 44. Rc5 Bf1 45. b4 1-0

[Event "Early-Titled-Tuesday-Blitz-January-30-2024"]
[Site "Chess.com"]
[Date "2024.01.30"]
[Round "4"]
[White "ilqar_74"]
[Black "ural58"]
[Result "1-0"]
[WhiteElo "2841"]
[BlackElo "2456"]
[TimeControl "180+1"]
[EndTime "8:41:32 PST"]
[Termination "ilqar_74 won by resignation"]

1. e4 d5 2. exd5 Qxd5 3. Nc3 Qa5 4. d4 Nf6 5. a3 e5 6. dxe5 Ne4 7.
Bd2 Nxd2 8. Qxd2 Bg4 9. Nd5 Qxd2+ 10. Kxd2 Na6 11. Bxa6 O-O-O 12. Bc4 c6 13. Ne2 Bc5 14. f3 Be6 15. Nf4 cxd5 16. Bd3 g5 17. Nxe6 fxe6 18.
c3 h5 19. Rae1 Rdf8 20. Rhf1 a6 21. c4 Rd8 22. cxd5 Rxd5 23. Kc2 Bb6 24. Bc4 Rc5 25. Kb3 Re8 26. Re4 Bc7 27. Rfe1 b5 28. Bd3 Rd8 29.
Bc2 Rdd5 30. h4 gxh4 31. Rxh4 Rxe5 32. Ree4 a5 33. Rxe5 Rxe5 34. Be4 a4+ 35. Kc3 Bb6 36. Rh1 Rc5+ 37. Kd3 Rg5 38. f4 Rg3+ 39. Bf3 Bc7 40.
Ke4 Rg8 41. Rxh5 Rf8 42. g3 Rg8 43. Rxb5 Rxg3 44. Rb4 Rh3 45. Bg4 Rh6 46. Rxa4 Rf6 47. Ke3 Kb7 48. Re4 Bb6+ 49. Kf3 Bc7 50. Bxe6 Kc6 51. b4 Kb5 52. Bd7+ Kb6 53. a4 Kb7 54. f5 Rd6 55. Be6 Rd3+ 56. Ke2 Ra3 57. a5 Bd8 58. Bd5+ Kc7 59. Re6 Ra4 60. Rb6 Kd7 61. Bc6+ 1-0

[Event "Early-Titled-Tuesday-Blitz-January-30-2024"]
[Site "Chess.com"]
[Date "2024.01.30"]
[Round "4"]
[White "Zq1"]
[Black "cthulhuuu"]
[Result "1/2-1/2"]
[WhiteElo "2534"]
[BlackElo "2353"]
[TimeControl "180+1"]
[EndTime "8:41:32 PST"]
[Termination "Game drawn by repetition"]

1. d4 Nf6 2. c4 e5 3. dxe5 Ng4 4. Bf4 Nc6 5. Nf3 Bb4+ 6. Nc3 Bxc3+ 7. bxc3 Qe7 8. Qd5 f6 9. exf6 Nxf6 10. Qd3 d6 11.
g3 Ne5 12. Nxe5 dxe5 13. Bg5 O-O 14. Bg2 c6 15. O-O Be6 16. Bxf6 Qxf6 17. Rad1 Rad8 18. Qe4 Rxd1 19. Rxd1 Qxf2+ 20. Kh1 Qf5 21. Qxf5 Bxf5 22.
c5 Kf7 23. Kg1 Ke7 24. a3 Bg4 25. Rd2 Be6 26. Rd3 Rd8 27. Kf2 Rxd3 28. exd3 Bd5 29. Bh3 b6 30. cxb6 axb6 31. Ke3 Kd6 32. d4 c5 33. Bf5 h6 34. h4 g5 35. hxg5 hxg5 36.
Bc2 c4 37. Bb1 b5 38. Bc2 Ke6 39. Be4 Kd6 40. Bxd5 Kxd5 41. dxe5 Kxe5 42. Kf3 Kf5 43. g4+ Ke5 44. Ke3 Kd5 45. Kf3 Ke5 46. Ke3 Kd5 47. Kf3 Ke5 1/2-1/2

[Event "Early-Titled-Tuesday-Blitz-January-30-2024"]
[Site "Chess.com"]
[Date "2024.01.30"]
[Round "4"]
[White "mitrabhaa"]
[Black "LyonBeast"]
[Result "1-0"]
[WhiteElo "2924"]
[BlackElo "3148"]
[TimeControl "180+1"]
[EndTime "8:41:33 PST"]
[Termination "mitrabhaa won by resignation"]

1. d4 Nf6 2. Nf3 d5 3. Bf4 c5 4. e3 Nc6 5. Nbd2 Nh5 6. Be5 e6 7. c3 f6 8. Bg3 Be7 9. Bd3 f5 10. Qe2 c4 11. Bc2 b5 12. a3 O-O 13. Ne5 Nxg3 14.
hxg3 Nxe5 15. dxe5 g6 16. f4 h5 17. Nf3 Kg7 18. Nd4 Bd7 19. Kf2 Rh8 20. Rh2 a5 21. Rhh1 Bc5 22. Kf3 Qe7 23. Qd2 b4 24. axb4 axb4 25. Rxa8 Rxa8 26. Rb1 b3 27. Bd1 g5 28.
Kf2 g4 29. Be2 h4 30. Rh1 Rh8 31. gxh4 Rxh4 32. Qc1 Kg6 33. g3 Rh7 34. Rxh7 Qxh7 35. Qg1 Qh8 36. Kg2 Kg7 37. Kf2 Be7 38. Bf1 Qa8 39.
Be2 Qa2 40. Qc1 Ba3 41. Qh1 Qxb2 42. Qh4 Qxc3 43. Qf6+ Kg8 44. Qd8+ Bf8 45. Qxd7 b2 46. Qxe6+ Kh8 47. Qxf5 Bc5 48. Qh5+ Kg8 49. Qxg4+ Kf7 50. Qe6+ Kf8 51. Qc8+ Kg7 52. Qd7+ Kg8 53. Qe8+ Kh7 54.
Qf7+ Kh8 55. Nf5 Bxe3+ 56. Kg2 1-0

[Event "Early-Titled-Tuesday-Blitz-January-30-2024"]
[Site "Chess.com"]
[Date "2024.01.30"]
[Round "4"]
[White "vladgoncharov"]
[Black "MusicCityMaster"]
[Result "1-0"]
[WhiteElo "2636"]
[BlackElo "2437"]
[TimeControl "180+1"]
[EndTime "8:41:33 PST"]
[Termination "vladgoncharov won on time"]

1. d4 Nf6 2. c4 c5 3. d5 b5 4. cxb5 a6 5. b6 e6 6. Nc3 Nxd5 7.
Nxd5 exd5 8. Qxd5 Nc6 9. e3 Be7 10. Bc4 O-O 11. Nf3 Rb8 12. O-O Rxb6 13. b3 Bf6 14.
Rb1 d6 15. Bb2 Nb4 16. Qd2 Bxb2 17. Rxb2 d5 18. Be2 Rh6 19. Rd1 Be6 20. a3 Nc6 21.
Bxa6 Qa8 22. Bb5 Ne7 23. a4 Bg4 24. Be2 Qb8 25. g3 Re8 26. b4 c4 27. Nd4 Qc8 28. b5 Bxe2 29. Qxe2 Qh3 30. f3 Ng6 31. Qg2 Qd7 32.
Qf2 Ne5 33. Rbd2 Nd3 34. Qe2 Qh3 35. Rxd3 cxd3 36. Qg2 Qd7 37. Rxd3 Rc8 38. g4 Rc1+ 39.
Kf2 Qd6 40. f4 Qb4 41. g5 Qe1+ 42. Kf3 Rh4 43. Nf5 Rc2 44. Qxc2 Rh3+ 45. Ng3 Qh1+ 46. Kg4 1-0